 Dungeon Crawl Stone Soup version 0.26-a0-1106-g6dfc622489 (webtiles) character file.

Game seed: 2284835333778468212

46 KristoblXynda the Skirmisher (level 3, 0/29 HPs)
             Began as a Demonspawn Monk on Dec 16, 2020.
             Slain by a goblin (1 damage)
             ... led by Robin
             ... on level 2 of the Dungeon.
             The game lasted 00:04:35 (2514 turns).

KristoblXynda the Skirmisher (Demonspawn Monk)      Turns: 2514, Time: 00:04:35

Health: 0/29       AC:  3    Str: 12    XL:     3   Next: 46%
Magic:  3/3        EV:  9    Int: 11    God:
Gold:   132        SH:  0    Dex: 15    Spells: 2/2 levels left

rFire    . . .     SeeInvis .     - Unarmed
rCold    . . .     Faith    .   (no shield)
rNeg     . . .     Spirit   .   a - +1 robe
rPois    .         Reflect  .   (no helmet)
rElec    .         Harm     .   (no cloak)
rCorr    .         Rampage  .   (no gloves)
Will     .....                  (no boots)
Stlth    ++........             (no amulet)
HPRegen  0.09/turn              h - -4 ring of evasion (curse)
MPRegen  0.08/turn              (no ring)

@: no status effects
A: foul stench 1, miasma immunity
a: no special abilities


You were on level 2 of the Dungeon.
You visited 1 branch of the dungeon, and saw 2 of its levels.

You collected 132 gold pieces.

Inventory:

Armour
 a - a +1 robe (worn)
Jewellery
 h - a cursed -4 ring of evasion (left hand)
Scrolls
 b - a scroll of identify
 d - a scroll of teleportation
Potions
 c - a potion of curing
 e - a potion of brilliance


   Skills:
 + Level 3.4 Fighting
 + Level 1.2 Armour
 + Level 3.1 Dodging
 - Level 1.7 Stealth
 + Level 3.1 Unarmed Combat


You had 2 spell levels left.
You didn't know any spells.
Your spell library was empty.

Dungeon Overview and Level Annotations

Branches:
Dungeon (2/15)

Altars:

Annotations:
D:2 Robin


Innate Abilities, Weirdness & Mutations

You may emit foul miasma when damaged in melee.
You are immune to miasma.


Message History

The goblin hits you but does no damage. Robin throws the goblin at you!
You hit the goblin.
The goblin is moderately wounded.
The goblin barely misses you. The goblin completely misses you.
The goblin hits you with a +0 dagger.
The goblin looks sick.
Robin throws the goblin at you!
You barely miss the goblin. Your punch misses the goblin.
The goblin is moderately wounded.
The goblin hits you but does no damage. x2
The goblin hits you with a +0 dagger. The goblin hits you but does no damage.
You barely miss the goblin.
Robin roars a battlecry!
The goblins go into a battle-frenzy!
The goblin hits you but does no damage. x2
The goblin hits you with a +0 dagger!
* * * LOW HITPOINT WARNING * * *
The goblin hits you but does no damage.
The goblin looks sick.
The goblin barely misses you. The goblin hits you.
You die...

#....####.#..(..####.....##.#.#
###gg..##.........ggg..###....##
##g#g####.....######.....#...#
#.#.# ##..>g#### #.###.....#
#g#g######......# #.# ##.#.##
#..<............# #.# #.#.#
###.#.#'####.l..###.# #.#.# #.#
# #ggg.##..# #...# #.#
#.@g.##.## ##(.# #.# #gg.###.#
####..## #.# #.....#≈# #......#
## #.. #...###≈# ####.#### .#
### ...## #§# #.##.# ..... .?###
#§# #.##.# .#### ## #.### #.##.#
## #.#.# #.##.# #...# #.....


You could see Robin, 6 goblins and a frilled lizard.

Vanquished Creatures
  A gnoll (D:1)
  A worm (D:2)
  3 dart slugs
  7 goblins
  2 hobgoblins (D:1)
  4 kobolds
  5 bats
  A frilled lizard (D:1)
  A rat (D:2)
25 creatures vanquished.

Notes
Turn   | Place    | Note
-------+----------+-------------------------------------------
     0 | D:1      | KristoblXynda the Demonspawn Monk began the quest for the
                  | Orb.
     0 | D:1      | Reached XP level 1. HP: 18/18 MP: 1/1
   649 | D:1      | Gained mutation: You are immune to miasma. [demonic
                  | ancestry]
   649 | D:1      | Reached XP level 2. HP: 23/24 MP: 2/2
  1379 | D:2      | Noticed Robin
  1549 | D:1      | Reached skill level 1 in Armour
  1549 | D:1      | Gained mutation: You may emit foul miasma when damaged in
                  | melee. [demonic ancestry]
  1549 | D:1      | Reached XP level 3. HP: 10/29 MP: 3/3
  2514 | D:2      | HP: 1/29 [goblin/+0 dagger[Robin] (8)]
  2514 | D:2      | Slain by a goblin

Illustrated notes

Levels and vault maps discovered:
D:1:      minmay_arrival_nine_rooms, layout_basic,
          corexii_item_surrounded_by_moat
D:2:      kennysheep_six_static_rooms, layout_loops_ring, elyvilon_altar_3,
          general_overflow_altar, corexii_corridor_pit, kennysheep_cross_room,
          uniq_robin, uniq_jessica

Skill      XL: |  1  2 |
---------------+-------+-----
Unarmed Combat | 3 |  3.1
Dodging        | 3 |  3.1
Armour         | 1 |  1.2
Fighting       | |  3.4
Stealth        | |  1.7

Action                   || total
-------------------------++-------
Melee: Unarmed           ||   130
       Punch             ||     1
  Use: Scroll            ||     7
       Potion            ||     1
 Stab: Sleeping          ||     1
Armor: Robe              ||    39
Dodge: Dodged            ||    75

Table legend: (Time is in decaauts)
 A = Elapsed time spent in this place.
 B = Non-inter-level travel time spent in this place.
 C = Inter-level travel time spent in this place.
 D = Time resting spent in this place.
 E = Time spent auto-exploring this place.
 F = Levels seen in this place.
 G = Mean time per level.
                   A        B        C        D        E       F      G
               +--------+--------+--------+--------+--------+-----+--------+
         Total |   2507 |   2463 |     44 |    957 |    985 |   2 | 1253.5 |
       Dungeon |   2507 |   2463 |     44 |    957 |    985 |   2 | 1253.5 |
               +--------+--------+--------+--------+--------+-----+--------+

Top non-repeatable levels by time:
     D:1: 1423 daAuts
     D:2: 1083 daAuts
